 Dungeon Crawl Stone Soup version 0.29.1-15-g9cfb28693d (webtiles) character file.

Game seed: 17248488415557289448

10 kingofthe the Sneak (level 2, 0/13 HPs)
             Began as a Spriggan Enchanter on Mar 13, 2023.
             Succumbed to an adder's poison
             ... on level 2 of the Dungeon.
             The game lasted 00:02:22 (1202 turns).

kingofthe the Sneak (Spriggan Enchanter)            Turns: 1202, Time: 00:02:23

Health: 0/13       AC:  2    Str:  4    XL:     2   Next: 10%
Magic:  0/6        EV: 17    Int: 16    God:
Gold:   78         SH:  0    Dex: 15    Spells: 4/6 levels left

rFire   + . .      SeeInvis +   a - +1 dagger
rCold   + . .      Faith    .   (no shield)
rNeg    . . .      Spirit   .   b - +0 robe
rPois   +          Reflect  .   (helmet restricted)
rElec   +          Harm     .   (no cloak)
rCorr   +          Rampage  .   (gloves unavailable)
Will    .....                   (boots unavailable)
Stlth   +++.......              (no amulet)
HPRegen 0.04/turn               (no ring)
MPRegen 0.10/turn               (no ring)

@: lethally poisoned (0 -> -1), resistant, very quick
A: very small, no large weapons, unfitting armour, see invisible, speed 3
a: no special abilities


You were on level 2 of the Dungeon.
You visited 1 branch of the dungeon, and saw 2 of its levels.

You collected 78 gold pieces.


Innate Abilities, Weirdness & Mutations

You are very small and have problems with some larger weapons.
You are too small for most types of armour.
You have supernaturally acute eyesight. (SInv)
You cover ground extremely quickly. (Speed+++)


   Skills:
 - Level 1.1 Short Blades
 * Level 3.1 Dodging
 * Level 4.8 Stealth
 + Level 2.8 Spellcasting
 + Level 3.7 Hexes


You had 4 spell levels left.
You knew the following spells:

 Your Spells              Type           Power      Damage    Failure   Level
a - Ensorcelled Hibernat  Hex/Ice        16%        N/A       13%         2

Your spell library contained the following spells:

 Spells                   Type           Power      Damage    Failure   Level
 Confusing Touch          Hex            14%        N/A       12%         3
 Tukima's Dance           Hex            14%        N/A       12%         3
 Summon Small Mammal      Summ           8%         N/A       19%         1
 Dazzling Flash           Conj/Hex       16%        N/A       26%         3
 Summon Guardian Golem    Hex/Summ       8%         N/A       26%         3
 Call Canine Familiar     Summ           2%         N/A       50%         3

Inventory:

Hand Weapons
 a - a +1 dagger (weapon)
Armour
 b - a +0 robe (worn)
Scrolls
 d - 3 scrolls of torment {unknown}
 e - 3 scrolls of identify {unknown}
 f - 2 scrolls of amnesia {unknown}
 g - a scroll of fog {unknown}
 h - a scroll of teleportation {unknown}
Potions
 c - 2 potions of invisibility
 i - a potion of resistance

Dungeon Overview and Level Annotations

Branches:
Dungeon (2/15)

Altars:

Shops:
D:2

[ ### .## #.# ..
>.. ..# .. # .. #..
.### #.####.##.#
... #.......#.# #.#
#.....#.####.#
#.###...#.#.@..#
#.........S###.# #
#####.###..# #.# #
# .).># #.# #
####.###.#####+####
# #....<.........#
# #####.#........#
#...#......#
#...#.######


You could see an adder.


Message History

The adder resists with some effort.
The adder bites you.
Casting: Ensorcelled Hibernation (safe; 13% risk of failure)
Confirm with . or Enter, or press ? or * to list all spells.
Aiming: Ensorcelled Hibernation (safe; 13% risk of failure)
Press: ? - help, Shift-Dir - straight line, f/p - adder
Aim: an adder (chance to affect: 50%)
The adder resists with some effort.
The adder bites you. The adder misses you.
Casting: Ensorcelled Hibernation (safe; 13% risk of failure)
Confirm with . or Enter, or press ? or * to list all spells.
Aiming: Ensorcelled Hibernation (safe; 13% risk of failure)
Press: ? - help, Shift-Dir - straight line, f/p - adder
Aim: an adder (chance to affect: 50%)
The adder resists with some effort.
The adder closely misses you.
You barely miss the adder. The adder bites you.
* * * LOW HITPOINT WARNING * * *
You are lethally poisoned!
The adder poisons you!
You hit the adder.
The adder is lightly wounded.
* * * LOW HITPOINT WARNING * * *
You feel sick. The adder bites you but does no damage. The adder misses you.
* * * LOW HITPOINT WARNING * * *
You feel sick.
* * * LOW HITPOINT WARNING * * *
You feel sick.
It was a potion of resistance.
You feel protected.
* * * LOW HITPOINT WARNING * * *
You feel sick.
You die...

Skill      XL: |  1 |
---------------+----+-----
Dodging        | 3 |  3.1
Short Blades   | |  1.1
Stealth        | |  4.8
Spellcasting   | |  2.8
Hexes          | |  3.7

Action                   || total
-------------------------++-------
Melee: Dagger            ||    39
 Cast: Ensorcelled Hiber ||     3
  Use: Potion            ||     1
 Stab: Sleeping          ||     3
Armor: Robe              ||     7
Dodge: Dodged            ||    20

Levels and vault maps discovered:
D:1:      lightli_arrival_isolated_outpost, layout_basic,
          dilly_ecumenical_altar_fadedgnrine
D:2:      layout_basic, serial_shops, nicolae_lakefront_shop

Notes
Turn   | Place    | Note
-------+----------+-------------------------------------------
     0 | D:1      | kingofthe the Spriggan Enchanter began the quest for the
                  | Orb.
     0 | D:1      | Reached XP level 1. HP: 9/9 MP: 5/5
   562 | D:1      | Reached skill level 3 in Dodging
   631 | D:1      | Reached XP level 2. HP: 11/13 MP: 6/6
   634 | D:1      | Learned a level 2 spell: Ensorcelled Hibernation
   718 | D:1      | Found a faded altar of an unknown god.
  1121 | D:2      | Found Ygekiw's Antique Armour Shoppe.
  1201 | D:2      | Identified 2 potions of resistance
  1201 | D:2      | HP: 1/13 [poisoned by an adder]
  1202 | D:2      | Succumbed to an adder's poison

Vanquished Creatures
  3 bats (D:1)
  A goblin (D:1)
  A ball python (D:1)
  A frilled lizard (D:1)
  A kobold (D:1)
  4 rats (D:1)
11 creatures vanquished.

Table legend: (Time is in decaauts)
 A = Elapsed time spent in this place.
 B = Non-inter-level travel time spent in this place.
 C = Inter-level travel time spent in this place.
 D = Time resting spent in this place.
 E = Time spent auto-exploring this place.
 F = Levels seen in this place.
 G = Mean time per level.
                   A        B        C        D        E       F      G
               +--------+--------+--------+--------+--------+-----+--------+
         Total |    869 |    854 |     15 |    143 |    605 |   2 |  434.5 |
       Dungeon |    869 |    854 |     15 |    143 |    605 |   2 |  434.5 |
               +--------+--------+--------+--------+--------+-----+--------+

Top non-repeatable levels by time:
     D:1: 716 daAuts
     D:2: 152 daAuts

Table legend:
 A = Non-vault XP
 B = Vault XP
 C = Vault XP percentage of total XP
 D = Non-vault monster count
 E = Vault monster count
 F = Vault count percentage of total count
                 A         B        C        D         E       F
            +---------+---------+-------+---------+---------+-------
      Total |      15 |       0 |   0.0 |      11 |       0 |   0.0
            +---------+---------+-------+---------+---------+-------
        D:1 |      15 |       0 |   0.0 |      11 |       0 |   0.0
            +---------+---------+-------+---------+---------+-------
